 Dungeon Crawl Stone Soup version 0.29-a0-1023-g6ae1a4a2c7 (webtiles) character file.

Game seed: 9801124173448581077

62 HoaS the Shooter (level 4, -1/26 HPs)
             Began as a Gargoyle Hunter on Aug 11, 2022.
             Slain by a kobold
             ... wielding a +0 short sword
              (3 damage)
             ... on level 2 of the Dungeon.
             The game lasted 00:02:33 (806 turns).

HoaS the Shooter (Gargoyle Hunter)                   Turns: 806, Time: 00:02:34

Health: -1/26      AC:  6    Str: 14    XL:     4   Next: 8%
Magic:  4/4        EV: 11    Int: 10    God:
Gold:   31         SH:  0    Dex: 15    Spells: 3/3 levels left

rFire   . . .      SeeInvis .   a - +0 shortbow
rCold   . . .      Faith    .   (shield currently unavailable)
rNeg    + . .      Spirit   .   c - +0 leather armour
rPois   ∞          Reflect  .   (no helmet)
rElec   +          Harm     .   (no cloak)
rCorr   .          Rampage  .   (no gloves)
Will    .....                   (no boots)
Stlth   ++........              (no amulet)
HPRegen 0.08/turn               (no ring)
MPRegen 0.09/turn               (no ring)

@: no status effects
A: sickness immunity, AC +3, negative energy resistance 1, electricity
resistance, torment resistance 1, petrification resistance
a: no special abilities


You were on level 2 of the Dungeon.
You visited 1 branch of the dungeon, and saw 2 of its levels.

You collected 31 gold pieces.

Inventory:

Hand Weapons
 a - a +0 shortbow (weapon)
Armour
 c - a +0 leather armour (worn)
Scrolls
 b - 2 scrolls of immolation
Potions
 f - a potion of degeneration {unknown}
 g - 2 potions of brilliance {unknown}
 i - a potion of resistance {unknown}
 j - a potion of haste {unknown}


   Skills:
 - Level 2.1 Fighting
 * Level 5.5 Ranged Weapons
 - Level 1.5 Dodging
 - Level 1.1 Stealth


You had 3 spell levels left.
You didn't know any spells.
Your spell library contained the following spells:

 Spells                   Type           Power      Damage    Failure   Level
 Sting                    Tmut/Pois      0%         1d3       43%         1
 Poisonous Vapours        Pois/Air       0%         N/A       58%         2
 Olgreb's Toxic Radiance  Pois           0%         N/A       99%         4


Dungeon Overview and Level Annotations

Branches:
Dungeon (2/15)

Altars:

Shops:
D:1 =

Annotations:
D:2 Natasha


Innate Abilities, Weirdness & Mutations

You are immune to sickness and miasma.
Your stone body is resilient. (AC +3)
You are immune to poison.
You resist negative energy. (rN+)
You are resistant to electric shocks. (rElec)
You are resistant to unholy torment.
You are immune to petrification.


Message History

Fire: a) +0 shortbow
Press: ? - help, Q - select action Shift-Dir - straight line, f - kobold
Aim: a kobold, wielding a +0 short sword and quivering stones (55% to hit)
You shoot an arrow. The arrow misses the kobold.
The arrow hits the dart slug.
The dart slug is almost dead.
The kobold barely misses you.
Fire: a) +0 shortbow
Press: ? - help, Q - select action Shift-Dir - straight line, f/p - kobold
Aim: a kobold, wielding a +0 short sword and quivering stones (55% to hit)
You shoot an arrow. The arrow closely misses the kobold.
The arrow hits the dart slug but does no damage.
The dart slug is almost dead.
The kobold closely misses you. x2
Fire: a) +0 shortbow
Press: ? - help, Q - select action Shift-Dir - straight line, f/p - kobold
Aim: a kobold, wielding a +0 short sword and quivering stones (55% to hit)
You shoot an arrow. The arrow misses the kobold.
The arrow hits the dart slug!
You kill the dart slug!
The kobold barely misses you.
Fire: a) +0 shortbow
Press: ? - help, Q - select action Shift-Dir - straight line, f/p - kobold
Aim: a kobold, wielding a +0 short sword and quivering stones (55% to hit)
You shoot an arrow. The arrow barely misses the kobold.
The arrow closely misses the ball python.
The kobold barely misses you.
Fire: a) +0 shortbow
Press: ? - help, Q - select action Shift-Dir - straight line, f/p - kobold
Aim: a kobold, wielding a +0 short sword and quivering stones (55% to hit)
You shoot an arrow. The arrow hits the kobold.
The kobold is moderately wounded.
The kobold hits you but does no damage.
Fire: a) +0 shortbow
Press: ? - help, Q - select action Shift-Dir - straight line, f/p - kobold
Aim: a kobold, wielding a +0 short sword and quivering stones (moderately wounded, 55% to hit)
You shoot an arrow. The arrow closely misses the kobold.
The arrow hits the ball python!
You kill the ball python!
The kobold closely misses you.
The kobold hits you with a +0 short sword.
You die...

#.........# #
####..#...# #
##....)################
####...............##.
##†#.#####.........
#####.#.####.....#####
#....).......###...###
#.###K#.##### ###..##
#@#... ##.# #.#
#...#######.# #.#
##.....†<..# #.#
########### #.# ###


You could see a kobold.

Vanquished Creatures
  2 adders (D:2)
  A worm (D:2)
  A dart slug (D:2)
  3 bats (D:1)
  An endoplasm (D:1)
  3 goblins (D:1)
  2 hobgoblins (D:1)
  9 jackals
  2 quokkas (D:1)
  5 ball pythons
  4 frilled lizards
  3 kobolds
  2 rats (D:1)
38 creatures vanquished.

Notes
Turn   | Place    | Note
-------+----------+-------------------------------------------
     0 | D:1      | HoaS the Gargoyle Hunter began the quest for the Orb.
     0 | D:1      | Reached XP level 1. HP: 12/12 MP: 1/1
    31 | D:1      | Found Iwnuc's Jewellery Shop.
   101 | D:1      | Reached XP level 2. HP: 17/17 MP: 2/2
   361 | D:1      | Reached XP level 3. HP: 11/21 MP: 3/3
   549 | D:1      | Reached skill level 5 in Ranged Weapons
   679 | D:2      | Noticed Natasha
   794 | D:2      | Reached XP level 4. HP: 3/26 MP: 4/4
   796 | D:2      | HP: 1/26 [jackal (3)]
   806 | D:2      | Slain by a kobold

Illustrated notes

Levels and vault maps discovered:
D:1:      giann_bridges, layout_basic, serial_shops, nicolae_shop_trees,
          reono_crystal_passage, grunt_decor_one_mirror, minmay_pentomino_v2
D:2:      cheibrodos_helix_gallery, layout_rooms, basic_altar, uniq_natasha

Skill      XL: |  1  2  3 |
---------------+----------+-----
Ranged Weapons | 5 |  5.5
Fighting       | |  2.1
Dodging        | |  1.5
Stealth        | |  1.1

Action                   |  1- 3 |  4- 6 || total
-------------------------+-------+-------++-------
 Fire: Shortbow          |    94 |    13 ||   107
  Use: Scroll            |     3 |       ||     3
Armor: Leather armour    |    28 |     3 ||    31
Dodge: Dodged            |    52 |    12 ||    64

Table legend: (Time is in decaauts)
 A = Elapsed time spent in this place.
 B = Non-inter-level travel time spent in this place.
 C = Inter-level travel time spent in this place.
 D = Time resting spent in this place.
 E = Time spent auto-exploring this place.
 F = Levels seen in this place.
 G = Mean time per level.
                   A        B        C        D        E       F      G
               +--------+--------+--------+--------+--------+-----+--------+
         Total |    836 |    797 |     39 |    143 |    452 |   2 |  418.0 |
       Dungeon |    836 |    797 |     39 |    143 |    452 |   2 |  418.0 |
               +--------+--------+--------+--------+--------+-----+--------+

Top non-repeatable levels by time:
     D:1: 738 daAuts
     D:2: 98 daAuts
